[Event "*** Titled Tuesday Blitz"]
[Site "Chess.com"]
[Date "2020.10.20"]
[Round "2"]
[White "Shuvalov"]
[Black "W_Amadeus"]
[Result "0-1"]
[WhiteElo "2456"]
[BlackElo "2719"]
[TimeControl "180+1"]
[EndTime "10:18:35 PDT"]
[Termination "W_Amadeus won by checkmate"]

1. Nf3 Nf6 2. c4 e6 3. g3 d5 4.
Bg2 Be7 5. O-O O-O 6. b3 b6 7.
Bb2 c5 8. e3 Bb7 9. Nc3 Qc8 10. Rc1 Rd8 11. Qe2 Nc6 12. cxd5 Nxd5 13. Nxd5 Rxd5 14. d4 Ba6 15. Qe1 Rd8 16. dxc5 Bxc5 17. Nd4 Nb4 18. Bc3 Nxa2 19. b4 Nxc1 20. Qxc1 Bxf1 21. Qxf1 Bxd4 22. Bxd4 Rxd4 23. exd4 Rb8 24.
d5 exd5 25. Bxd5 Qd7 26. Qc4 Rd8 27. Bf3 g6 28. h4 h5 29. Kg2 Qd4 30. Qb3 a5 31.
bxa5 bxa5 32. Qb7 a4 33. Qa6 Kg7 34. Qa5 Rd6 35. Qa8 Rf6 36. Qa5 Qc4 37. Qa8 Qb3 38. Bd5 Qb2 39. Qa7 a3 40. Bc4 Rf5 41. Kg1 Rf6 42. Kg2 Rf5 43. Kg1 Qc1+ 44. Kh2 Qxc4 45. Qxa3 Rxf2+ 46. Kg1 Qf1# 0-1

[Event "*** Titled Tuesday Blitz"]
[Site "Chess.com"]
[Date "2020.10.20"]
[Round "2"]
[White "OsorioFernando"]
[Black "biostatistician"]
[Result "0-1"]
[WhiteElo "2314"]
[BlackElo "2549"]
[TimeControl "180+1"]
[EndTime "10:18:35 PDT"]
[Termination "biostatistician won on time"]

1. e4 e6 2. d4 d5 3. Nc3 Nc6 4.
Nf3 Nf6 5. e5 Ne4 6. Bd3 Bb4 7.
Bd2 Nxd2 8. Qxd2 Be7 9. h4 Nb4 10. Rh3 Bd7 11. Rg3 g6 12. h5 Nxd3+ 13. cxd3 c5 14.
dxc5 Bxc5 15. d4 Be7 16. O-O-O Qa5 17. Kb1 O-O-O 18. Ng5 Be8 19. Rf3 Bxg5 20. Qxg5 Kb8 21. Ne2 Rc8 22. Qf6 Ba4 23. Ra3 Qb4 24. Rh1 Rhe8 25. Rc3 Bb5 26. a3 Qa5 27. Rxc8+ Rxc8 28. Nc3 Bd3+ 29. Ka2 Bc4+ 30. Ka1 Bb3 31. Qe7 Rxc3 32. Qd6+ Rc7 33. Rc1 Bc4 34. Qf8+ Rc8 35. Qd6+ Qc7 36.
Qb4 Qd7 37. b3 Ba6 38. Rxc8+ Qxc8 39. Qd6+ Ka8 40. Kb2 Bd3 0-1

[Event "*** Titled Tuesday Blitz"]
[Site "Chess.com"]
[Date "2020.10.20"]
[Round "2"]
[White "Orest_Vovk"]
[Black "bakki78"]
[Result "0-1"]
[WhiteElo "2471"]
[BlackElo "2737"]
[TimeControl "180+1"]
[EndTime "10:18:36 PDT"]
[Termination "bakki78 won on time"]

1. h3 c5 2. Nc3 Nc6 3. Nf3 d5 4. e4 d4 5. Ne2 g6 6. Ng3 Bg7 7. Bc4 e6 8. d3 Nge7 9. a3 a6 10. h4 b5 11. Ba2 h6 12. Qe2 Qc7 13. Bd2 Bb7 14. Ng1 Be5 15. Qg4 h5 16. Qf3 Nc8 17. N1e2 Nd6 18. Bf4 Qe7 19. Bxe5 Nxe5 20.
Qf4 f6 21. Nf1 O-O-O 22. Nd2 Kb8 23. Nf3 Ndf7 24. Nxe5 Nxe5 25. Ng1 Ka8 26. Nf3 Ng4 27. Nh2 e5 28. Qd2 f5 29. Nxg4 hxg4 30. Bd5 Bxd5 31. exd5 Rxd5 32. O-O-O c4 33. Qa5 Qb7 34. Rde1 Rc8 35. Kb1 b4 36. Qa4 b3 37. cxb3 cxd3 38. Rc1 Rdc5 39. Rxc5 Rxc5 40. h5 gxh5 41. Rxh5 d2 42.
Rh1 Qc8 43. Rh6 d1=Q+ 44. Ka2 Ka7 45. Rh7+ Rc7 46. Rh6 Qb7 47. Rd6 Rc1 0-1

[Event "*** Titled Tuesday Blitz"]
[Site "Chess.com"]
[Date "2020.10.20"]
[Round "2"]
[White "Ajedrez_con_German"]
[Black "Oneofmyturns"]
[Result "0-1"]
[WhiteElo "2455"]
[BlackElo "2709"]
[TimeControl "180+1"]
[EndTime "10:18:36 PDT"]
[Termination "Oneofmyturns won by resignation"]

1. Nf3 d5 2. e3 Nf6 3. c4 e6 4. b3 Bd6 5. Bb2 b6 6. Nc3 O-O 7. cxd5 exd5 8. Be2 a6 9. O-O Re8 10. Rc1 Nbd7 11. d3 Nf8 12. Nb1 Ng6 13. Nbd2 c5 14. Re1 b5 15. Bf1 Bb7 16. Rc2 Nd7 17. Qa1 f6 18. a3 Rc8 19. Qb1 Qe7 20. Qa1 Qf7 21. Qb1 Nge5 22. Nxe5 fxe5 23. e4 d4 24. Nf3 Rf8 25. Bc1 Be7 26. Bg5 Bd6 27. Bh4 h6 28. Nd2 g5 29. Bg3 Nf6 30.
b4 cxb4 31. Rxc8 Rxc8 32. axb4 Rc3 33. Rc1 Qc7 34. Rd1 Nh5 35. Qa2+ Qf7 36. Qxf7+ Kxf7 37. Nf3 Ke6 38. Rb1 Rc2 39. Ne1 Ra2 40. Nf3 Ra4 41. Be2 Nxg3 42. hxg3 Rxb4 43. Rc1 Rb2 44. Bd1 a5 45. Nh2 a4 46. Bg4+ Ke7 47. Bf5 a3 48.
Ng4 a2 0-1

[Event "*** Titled Tuesday Blitz"]
[Site "Chess.com"]
[Date "2020.10.20"]
[Round "2"]
[White "kidagent"]
[Black "Vanina1989"]
[Result "0-1"]
[WhiteElo "2297"]
[BlackElo "2674"]
[TimeControl "180+1"]
[EndTime "10:18:40 PDT"]
[Termination "Vanina1989 won on time"]

1. e4 c6 2. d4 d5 3. Nd2 dxe4 4. Nxe4 Bf5 5. Ng3 Bg6 6. Nf3 Nd7 7. h4 h6 8. h5 Bh7 9. Bd3 Bxd3 10. Qxd3 Ngf6 11.
Bd2 e6 12. O-O-O Be7 13. c4 Qc7 14. Ne4 O-O-O 15. Bc3 Nxe4 16. Qxe4 Nf6 17. Qe2 Qf4+ 18. Kb1 Qf5+ 19. Ka1 Nxh5 20. Ne5 Nf4 21. Qf3 Bd6 22. g4 Qf6 23. Nxc6 bxc6 24. Qxc6+ Bc7 25. d5 e5 26. d6 Rxd6 27. Qa8+ Bb8 28. g5 Rhd8 29. Rxd6 Qxd6 30.
a3 hxg5 31. Re1 Nd3 32. Rd1 Qc7 33. Qe4 Nc5 34. Rxd8+ Kxd8 35. Qd5+ Ke8 36. Bb4 Ne6 37. Ba5 Qd6 38. Qb7 f6 39. Ka2 g4 40. Bb4 Qc7 41.
Qb5+ Kf7 42. Qd5 Qd8 43. Qb7+ Kg6 44. c5 Nc7 45. Qe4+ Kf7 46. Qxg4 Qd5+ 47. Ka1 Ne6 48.
Qg3 Bc7 49. Qc3 Nd4 0-1

[Event "*** Titled Tuesday Blitz"]
[Site "Chess.com"]
[Date "2020.10.20"]
[Round "2"]
[White "JoliyRoger"]
[Black "Fortitudine"]
[Result "1-0"]
[WhiteElo "2457"]
[BlackElo "2281"]
[TimeControl "180+1"]
[EndTime "10:18:40 PDT"]
[Termination "JoliyRoger won by resignation"]

1. Nf3 c5 2. c4 Nf6 3. Nc3 g6 4.
e3 Bg7 5. Be2 O-O 6. O-O Nc6 7.
a3 d5 8. cxd5 Nxd5 9. Ne4 b6 10.
d3 Bb7 11. Qc2 Rc8 12. Re1 h6 13. Rb1 Kh7 14. Bf1 e5 15. b3 f5 16. Ng3 Qe7 17. Bb2 Rfd8 18. Ba1 Nf6 19. Nd2 Na5 20. Nc4 Nxc4 21.
bxc4 e4 22. a4 exd3 23. Bxd3 Re8 24. a5 Rc6 25. h4 h5 26. Rb3 Rd6 27. Reb1 Red8 28.
axb6 axb6 29. Rxb6 Rxd3 30. Rxb7 Rd1+ 31. Rxd1 Rxd1+ 32. Qxd1 Qxb7 33. Ne2 Qa6 34. Bxf6 Bxf6 35. Qd7+ Kh6 36.
Nf4 Qa1+ 37. Kh2 Be5 38. Qd8 Bxf4+ 39. exf4 Qd4 40. Qxd4 cxd4 41. Kg3 Kg7 42. Kf3 Kf6 43. Ke2 g5 44. Kd3 gxh4 45. Kxd4 Ke6 46. c5 h3 47. gxh3 h4 48. f3 Kf6 49. Kd5 1-0

[Event "*** Titled Tuesday Blitz"]
[Site "Chess.com"]
[Date "2020.10.20"]
[Round "2"]
[White "albi1999"]
[Black "mishanick"]
[Result "0-1"]
[WhiteElo "2610"]
[BlackElo "2988"]
[TimeControl "180+1"]
[EndTime "10:18:43 PDT"]
[Termination "mishanick won by resignation"]

1. d4 Nf6 2. c4 e6 3. Nf3 d5 4. g3 Bb4+ 5. Bd2 Be7 6. Bg2 O-O 7. O-O Nbd7 8. Qc2 c6 9. Rd1 b6 10. b3 a5 11. Bc3 Ba6 12. Nbd2 Rc8 13. e4 c5 14. exd5 exd5 15. Qf5 dxc4 16. Nxc4 cxd4 17. Nxd4 Rc5 18. Qh3 Bxc4 19. bxc4 Qc7 20. Nb5 Rxb5 21.
Bxf6 Bxf6 22. cxb5 Bxa1 23. Qxd7 Qc3 24. Bd5 Qf6 25.
Qc6 g6 26. Qxf6 Bxf6 27. Bb3 Be7 28. Rd7 Bc5 29. Kg2 Kg7 30. g4 g5 31. h3 h6 32. Kf3 Kf6 33. Rb7 Kg6 34. Rd7 Kf6 35. Rb7 Ke5 36. Rxf7 Rd8 37. Rf5+ Kd4 38. Rf6 Rh8 39.
a4 Kc3 40. Bd1 Rd8 41. Be2 Rd4 42. Rxh6 Rxa4 43. h4 Rf4+ 44. Kg3 Bxf2+ 45. Kh3 gxh4 46. g5 a4 47. g6 Bd4 48. Bg4 Re4 49. g7 Bxg7 50.
Rxb6 a3 51. Ra6 Kb2 52. b6 a2 53. b7 Rb4 54. Be6 a1=Q 55. Rxa1 Kxa1 0-1

[Event "*** Titled Tuesday Blitz"]
[Site "Chess.com"]
[Date "2020.10.20"]
[Round "2"]
[White "bazar-wokzal"]
[Black "LittlePeasant"]
[Result "1-0"]
[WhiteElo "2530"]
[BlackElo "2799"]
[TimeControl "180+1"]
[EndTime "10:18:43 PDT"]
[Termination "bazar-wokzal won by resignation"]

1. e4 e6 2. d4 d5 3. exd5 exd5 4. Nf3 Nc6 5. Bd3 Bg4 6. O-O Nxd4 7. Qe1+ Ne6 8. Ne5 Bh5 9. Bb5+ c6 10. Nxc6 bxc6 11.
Bxc6+ Ke7 12. Bxa8 Qxa8 13. Nc3 Nf6 14. Bg5 h6 15.
Bxf6+ Kxf6 16. h3 Bc5 17. Kh1 Nf4 18. f3 Re8 19. Qg3 g5 20. Rad1 Bg6 21. Qh2 Kg7 22. g3 d4 23. Na4 Re2 24. Rf2 Rxf2 25. Qxf2 Nxh3 26. Qg2 Be7 27. Rxd4 Bf6 28. Rd2 g4 29. Kh2 Ng5 30. fxg4 Nf3+ 31. Kh3 h5 32. gxh5 Bf5+ 33. g4 Ng5+ 34. Kh2 Be5+ 35. Kg1 Be4 36. Qe2 Nf3+ 37.
Kf2 Nxd2 38. Qxd2 Bf6 39. Qf4 Qc6 40. Nc3 Bxc3 41. bxc3 Bxc2 42. Qg5+ Kh7 43. Qe5 Qb6+ 44. Kg3 Qe6 45. Qxe6 fxe6 46. Kf4 Bb1 47. a3 Kg7 48. g5 Kf7 49. Ke5 Ke7 50. g6 Bc2 51. c4 Bd1 52. h6 Bc2 53. h7 1-0

[Event "*** Titled Tuesday Blitz"]
[Site "Chess.com"]
[Date "2020.10.20"]
[Round "2"]
[White "1977Ivan"]
[Black "FredyMatsuura"]
[Result "1-0"]
[WhiteElo "2686"]
[BlackElo "2380"]
[TimeControl "180+1"]
[EndTime "10:18:43 PDT"]
[Termination "1977Ivan won by resignation"]

1. d4 e6 2. Nf3 Nf6 3. e3 d5 4.
Bd3 Be7 5. O-O O-O 6. b3 c5 7. Bb2 Nbd7 8. c4 b6 9. cxd5 exd5 10. Nc3 Bb7 11. Rc1 Re8 12. Re1 a6 13. Bf5 g6 14.
Bh3 Bf8 15. g3 Bg7 16. dxc5 Nxc5 17. Ne2 Nce4 18. Nfd4 Qd6 19. Nf4 Rad8 20. Rc2 Qe7 21. Qc1 Qd6 22. Ba3 Qe5 23. Bb2 Qd6 24. Nc6 Bxc6 25. Rxc6 Qb8 26. Bd4 Rd6 27. Re2 g5 28. Nd3 g4 29. Bg2 Rxc6 30. Qxc6 Rc8 31. Qa4 Qb7 32.
Qa3 b5 33. Qb2 Qc6 34. h3 a5 35. hxg4 b4 36. Bxe4 Nxe4 37. Bxg7 f6 38. Bh6 Qc3 39. Nf4 Qxb2 40. Rxb2 Kf7 41. Kg2 Rc1 42. f3 Nc3 43.
Rd2 Ra1 44. Nxd5 Nxd5 45. Rxd5 Rxa2+ 46. Kh3 Kg6 47. Bf4 a4 48. bxa4 Rxa4 49. Rb5 h5 50. gxh5+ Kf7 51. Kg4 Ke6 52. e4 1-0

[Event "*** Titled Tuesday Blitz"]
[Site "Chess.com"]
[Date "2020.10.20"]
[Round "2"]
[White "Walter_White_Poland"]
[Black "DenisQ"]
[Result "0-1"]
[WhiteElo "2314"]
[BlackElo "2674"]
[TimeControl "180+1"]
[EndTime "10:18:44 PDT"]
[Termination "DenisQ won on time"]

1. e4 c6 2. d4 d5 3. Nc3 dxe4 4. Nxe4 Bf5 5. Ng3 Bg6 6. h4 h6 7. Nf3 e6 8. Ne5 Bh7 9. Qh5 Qc7 10. Bc4 Nf6 11. Qe2 Bd6 12. Bd2 O-O 13. O-O-O Nbd7 14. f4 Rfe8 15. Nh5 Ne4 16. Be1 Ndf6 17. Nxf6+ gxf6 18. g4 fxe5 19. fxe5 Bf8 20. g5 Rad8 21. gxh6 Bxh6+ 22. Kb1 f5 23. exf6 Nxf6 24. Rg1+ Kh8 25. Bxe6 Qd6 26. d5 cxd5 27. Bc3 Rxe6 28. Qg2 Rg8 29. Qf2 Qf4 30. Qxa7 Rxg1 31. Rxg1 Be4 32. Qb8+ Kh7 33. Qxf4 Bxf4 34. Rf1 Be5 35. Bxe5 Rxe5 36. Rxf6 Kg7 37. Rb6 Bg6 38. Rxb7+ Kf6 39. b4 Re2 40. Rc7 d4 41. Rc6+ Kf7 42. b5 d3 43. cxd3 Bxd3+ 44. Kc1 Bxb5 45. Rb6 Bd7 46. a3 Rh2 0-1

[Event "*** Titled Tuesday Blitz"]
[Site "Chess.com"]
[Date "2020.10.20"]
[Round "2"]
[White "Zhani-Z"]
[Black "GukeshDommaraju"]
[Result "0-1"]
[WhiteElo "2527"]
[BlackElo "2836"]
[TimeControl "180+1"]
[EndTime "10:18:45 PDT"]
[Termination "GukeshDommaraju won by resignation"]

1. e4 c6 2. d4 d5 3. exd5 cxd5 4. Bd3 Nf6 5. c3 Bg4 6. Qb3 Qc7 7. Ne2 Nc6 8. Bf4 Qd7 9. Nd2 e6 10. Ng3 Bd6 11. Bxd6 Qxd6 12. h3 Bh5 13. Nxh5 Nxh5 14.
O-O O-O 15. Rfe1 Rab8 16. a4 a6 17. Qd1 Nf4 18. Bf1 Rfc8 19. Nb3 Ng6 20. a5 Nf8 21. Qd2 Nd7 22. g3 g6 23. h4 h5 24. Re3 b5 25. axb6 Rxb6 26. Ra3 Rcb8 27. Qc2 a5 28. Re2 a4 29. Nc5 Nxc5 30. dxc5 Qxc5 31. Ra2 Na5 32. Qxa4 Nc4 33. b4 Qc7 34. Qd1 Nd6 35. Rec2 Ne4 36.
Qc1 Rc6 37. Ra3 Rxb4 38. cxb4 Rxc2 39. Qe3 Rxf2 40. Ra7 Qc2 41. b5 Rxf1+ 42. Kxf1 Qb1+ 43. Kg2 Qxb5 44. Ra8+ Kh7 45. Qd4 Qe2+ 46. Kg1 Qe1+ 47. Kg2 Qxg3+ 48. Kf1 Qf4+ 49. Ke1 e5 50. Qxd5 Qf2+ 51.
Kd1 Nc3+ 0-1

[Event "*** Titled Tuesday Blitz"]
[Site "Chess.com"]
[Date "2020.10.20"]
[Round "2"]
[White "Margency"]
[Black "queen_iryna"]
[Result "1-0"]
[WhiteElo "2674"]
[BlackElo "2312"]
[TimeControl "180+1"]
[EndTime "10:18:45 PDT"]
[Termination "Margency won on time"]

1. e4 d6 2. d4 Nf6 3. Nc3 e5 4. Nf3 Nbd7 5. Bc4 Be7 6. a4 O-O 7. O-O c6 8. Re1 h6 9. h3 Re8 10. Ba2 Bf8 11. d5 cxd5 12. Nxd5 Nxd5 13. Bxd5 Nf6 14. Bb3 Be6 15. c3 Bxb3 16. Qxb3 Qc7 17. Nh4 Qc6 18. Qb5 d5 19. exd5 Qxd5 20. Nf5 a6 21.
Qxd5 Nxd5 22. Bd2 Bc5 23. Rad1 Rad8 24. Bc1 Nf4 25. Bxf4 exf4 26. Rxe8+ Rxe8 27. Kf1 g6 28. Nxh6+ Kg7 29. Ng4 Re7 30. Rd5 Bb6 31. Ne5 Bc7 32. Nf3 Kf6 33. c4 Bb8 34. b3 Re4 35. Rd7 Re7 36.
Rxe7 Kxe7 37. Ke2 Kd6 38. Kd3 Kc5 39. Kc3 a5 40. Ng5 f6 41. Ne4+ Kc6 42. f3 Be5+ 43.
Kd3 g5 44. Nf2 b6 45. Ng4 Ba1 46. Nh6 Kc5 47. Nf5 Kb4 48. Kc2 Kc5 49. h4 gxh4 50.
Nxh4 Kb4 51. Ng6 Be5 52. Nxe5 fxe5 53. Kb2 Kc5 54. Kc3 Kc6 55. b4 Kd6 56. c5+ bxc5 57. bxa5 Kc6 58. Kc4 1-0

[Event "*** Titled Tuesday Blitz"]
[Site "Chess.com"]
[Date "2020.10.20"]
[Round "2"]
[White "SergeyKarjakin"]
[Black "Papa12341234"]
[Result "1-0"]
[WhiteElo "2900"]
[BlackElo "2579"]
[TimeControl "180+1"]
[EndTime "10:18:46 PDT"]
[Termination "SergeyKarjakin won by resignation"]

1. d4 Nf6 2. Bf4 g6 3. Nc3 d5 4. e3 Bg7 5. h4 h6 6. Nf3 c6 7. Ne5 Nfd7 8. Nd3 b5 9. a4 bxa4 10. Nxa4 O-O 11. Be2 a5 12. Qd2 Ba6 13. Nac5 Nxc5 14.
Nxc5 Bxe2 15. Qxe2 Nd7 16. Nxd7 Qxd7 17. O-O a4 18.
Ra2 Ra7 19. Rfa1 Rfa8 20. c3 Qf5 21. Qd1 e5 22. Bg3 exd4 23. cxd4 Rb7 24. Rxa4 Rxa4 25. Qxa4 Rxb2 26. Qxc6 Rb1+ 27. Rxb1 Qxb1+ 28. Kh2 Qf5 29. f3 Qe6 30. Qa8+ Kh7 31. Qa3 Bf6 32. Qd3 Qe7 33. h5 Bh4 34. hxg6+ fxg6 35. Be5 Bf6 36. Bb8 Qb4 37. Bg3 h5 38. Qa6 Qe7 39. Qc6 h4 40. Bb8 Kg7 41. Qc7 Qxc7+ 42. Bxc7 Kf7 43. Kh3 Ke6 44. Kg4 Be7 45. Bf4 Bb4 46. Bg5 h3 47. gxh3 Bd2 48. h4 Bc1 49. e4 Bb2 50. Be3 Bc3 51. Kg5 dxe4 52. fxe4 Kf7 53. d5 Be5 54. Bf4 Bf6+ 55. Kg4 Bd4 56. e5 Bc3 57. Kf3 Bb4 58. Ke4 Be1 59. Bg5 1-0

[Event "*** Titled Tuesday Blitz"]
[Site "Chess.com"]
[Date "2020.10.20"]
[Round "2"]
[White "kleopl"]
[Black "gumimis"]
[Result "0-1"]
[WhiteElo "2441"]
[BlackElo "2295"]
[TimeControl "180+1"]
[EndTime "10:18:46 PDT"]
[Termination "gumimis won by resignation"]

1. c4 e5 2. Nc3 Nf6 3. Nf3 Nc6 4. e4 Bc5 5. Nxe5 Nxe5 6. d4 Bb4 7. dxe5 Nxe4 8.
Qf3 Nxc3 9. bxc3 Ba5 10. Bf4 O-O 11. Be2 c6 12. O-O Qe7 13. Rfd1 Bc7 14. Bd3 g6 15. Re1 Re8 16. Kf1 b6 17. Qg3 Ba6 18. h4 Qe6 19. Re4 b5 20. cxb5 Bxb5 21. c4 Ba4 22. h5 c5 23. Re3 Bc6 24. Rae1 Rab8 25. hxg6 fxg6 26. Bg5 Rf8 27. Bf6 Rxf6 28. exf6 Bxg3 29. Rxe6 dxe6 30. fxg3 Kf7 31. Re5 Rb2 32. Rxc5 Bxg2+ 33. Ke1 Rxa2 34. Rc7+ Kxf6 35. Rxh7 Ra3 36. Bc2 Rxg3 37. Rxa7 Rc3 38. Kd2 Rxc4 39. Ra6 Be4 40. Bb3 Rc6 41. Ra4 Bf5 42.
Ra8 g5 43. Rf8+ Ke5 44. Rg8 g4 45. Bd1 Kf4 46. Ke1 Rc3 47. Kd2 Ra3 48. Ke1 g3 49. Be2 Ra2 50. Kf1 e5 51. Rf8 g2+ 52. Kf2 Rxe2+ 53. Kxe2 g1=Q 0-1

[Event "*** Titled Tuesday Blitz"]
[Site "Chess.com"]
[Date "2020.10.20"]
[Round "2"]
[White "Alexander_Moskalenko"]
[Black "Gusarov91"]
[Result "1-0"]
[WhiteElo "2896"]
[BlackElo "2575"]
[TimeControl "180+1"]
[EndTime "10:18:47 PDT"]
[Termination "Alexander_Moskalenko won by resignation"]

1. c4 Nf6 2. Nc3 c5 3. Nf3 g6 4.
g3 Bg7 5. Bg2 O-O 6. O-O Nc6 7.
d4 cxd4 8. Nxd4 Nxd4 9. Qxd4 d6 10. Qd3 Bf5 11. e4 Be6 12. b3 Nd7 13. Bd2 Nc5 14. Qe2 a5 15. Rab1 Rc8 16. Rfc1 b6 17. Nd5 Bxd5 18.
exd5 Qd7 19. Rd1 Rfe8 20. Be3 Qf5 21. Rbc1 h5 22. h4 Kh7 23. Kh2 Qg4 24. Qc2 Qf5 25.
Qe2 Qg4 26. Qd2 Qd7 27. Bh3 f5 28. Bg2 Bf6 29. Re1 Ne4 30. Qc2 Nc5 31. Re2 e5 32. dxe6 Rxe6 33. Bd5 Re7 34. Rd1 Rce8 35. Rdd2 Qc7 36.
Bf4 Be5 37. Bg5 Kg7 38. Bxe7 Rxe7 39. f4 Bf6 40. Rxe7+ Qxe7 41. Re2 Qd7 42. Qd2 Na6 43. Qe3 Nc5 44. Qe8 Qxe8 45. Rxe8 Bd4 46. Rg8+ Kf6 47. Rb8 Nd3 48. Rf8+ Kg7 49. Rf7+ Kh6 50.
Rd7 Nf2 51. Rxd6 Ng4+ 52. Kh1 Bc5 53. Rd7 Nf6 54. Rb7 a4 55. b4 Bd4 56. Kg2 Ng4 57. Kf3 Nf6 58. a3 Ng4 59. Ke2 Nf6 60. Bf3 Ne8 61. Ra7 Nf6 62. Rxa4 Nd7 63. Ra6 Nf6 64. a4 Ne8 65. a5 Nd6 66. Kd3 Bf2 67. Rxb6 Bxb6 68.
axb6 Nc8 1-0

[Event "*** Titled Tuesday Blitz"]
[Site "Chess.com"]
[Date "2020.10.20"]
[Round "2"]
[White "QuintilianoR"]
[Black "GiorgianBarbosa"]
[Result "1/2-1/2"]
[WhiteElo "2647"]
[BlackElo "2342"]
[TimeControl "180+1"]
[EndTime "10:18:48 PDT"]
[Termination "Game drawn by repetition"]

1. Nf3 Nf6 2. c4 g6 3. Nc3 Bg7 4. d4 O-O 5. Bg5 c5 6. d5 d6 7. e3 e6 8. Nd2 exd5 9. cxd5 b6 10. Be2 Ba6 11. O-O h6 12. Bh4 Re8 13. a4 Bxe2 14. Qxe2 Nbd7 15. h3 Ne5 16. Rfd1 a6 17. Rab1 Qc7 18. Rdc1 Qb7 19. Bxf6 Bxf6 20. Nce4 Be7 21.
Nc3 Rac8 22. b4 c4 23. b5 Nd3 24. Rc2 a5 25. Nxc4 Rxc4 26. Qxd3 Rec8 27. Rbc1 Qc7 28.
f3 Bf6 29. Ne4 Rxc2 30. Nxf6+ Kg7 31. Rxc2 Qxc2 32. Qxc2 Rxc2 33. Ne8+ Kf8 34. Nxd6 Ra2 35. Nc4 Rxa4 36. Nxb6 Rb4 37. d6 Rxb5 38. Nc4 Rd5 39.
d7 Rxd7 40. Nxa5 Rd2 41. Nc4 Ra2 42. Ne5 Kg7 43. Nd3 h5 44. Nf4 Ra3 45. e4 Ra2 46. Nd5 Ra1+ 47. Kh2 Ra2 48. h4 Rb2 49. Kg3 Ra2 50.
Nf4 Rb2 51. Nd5 Ra2 52. Nf4 Rb2 53. Nd5 1/2-1/2

[Event "*** Titled Tuesday Blitz"]
[Site "Chess.com"]
[Date "2020.10.20"]
[Round "2"]
[White "Ladislav1969"]
[Black "ViktoriyaTarasova"]
[Result "0-1"]
[WhiteElo "2420"]
[BlackElo "2253"]
[TimeControl "180+1"]
[EndTime "10:18:48 PDT"]
[Termination "ViktoriyaTarasova won on time"]

1. e4 e5 2. Bc4 Nf6 3. d3 c6 4. Nf3 d5 5. Bb3 Bd6 6. Nc3 d4 7. Ne2 h6 8. c3 c5 9. Nd2 O-O 10. Nc4 Bc7 11. a4 Nc6 12. O-O Bg4 13. f3 Be6 14. f4 exf4 15. Nxf4 Bxf4 16. Bxf4 Ng4 17. h3 Bxc4 18. Bxc4 Nge5 19. Bd5 Qe7 20. Rf2 Kh7 21. Qf1 Ng6 22. Bd2 Nce5 23. g3 Rad8 24. Kg2 f6 25. Qe2 Qc7 26. h4 Ne7 27. c4 Qd7 28.
Bf4 N7g6 29. Bxe5 Nxe5 30. Rf5 g6 31. Rf4 Kg7 32. b3 b6 33. Raf1 a5 34. g4 g5 35.
hxg5 hxg5 36. Rf5 Ng6 37. Rh1 Nf4+ 38. Rxf4 gxf4 39. Qf3 Qd6 40. Rh5 Rh8 41. Rf5 Rh6 42. g5 fxg5 43. Rf7+ Kh8 44. Qg4 Qg6 45. e5 Rxd5 46.
Rf8+ Kg7 47. Qc8 f3+ 48. Kg3 Rh3+ 49. Kxh3 Qh5+ 50. Kg3 Qh4+ 51. Kxf3 Qh1+ 0-1

[Event "*** Titled Tuesday Blitz"]
[Site "Chess.com"]
[Date "2020.10.20"]
[Round "2"]
[White "Yoshikrov"]
[Black "Chesstrainer1"]
[Result "1/2-1/2"]
[WhiteElo "2123"]
[BlackElo "2386"]
[TimeControl "180+1"]
[EndTime "10:18:48 PDT"]
[Termination "Game drawn - insufficient material"]

1. e4 c6 2. d4 d5 3. exd5 cxd5 4. c4 Nf6 5. Nc3 e6 6. Bg5 Bb4 7. Nf3 h6 8. Bh4 Qa5 9. Qb3 Ne4 10. Rc1 Nc6 11. Bd3 f5 12. Bg3 O-O 13. Be5 Qb6 14. O-O Na5 15. Qc2 Bxc3 16. bxc3 Nxc4 17. Bxc4 dxc4 18.
Rb1 Qc6 19. Nd2 Nxd2 20. Qxd2 b5 21. Rfe1 a5 22. Qb2 Bd7 23. a3 Qd5 24. Qe2 f4 25. f3 Rf5 26. Rb2 Bc6 27. Bc7 Raf8 28. Qxe6+ Qxe6 29. Rxe6 a4 30. Rxc6 Rc8 31. Re2 Rf7 32. Re4 g5 33.
Ree6 Rfxc7 34. Rxc7 Rxc7 35. Rxh6 Re7 36. Kf2 Re3 37. Rg6+ Kh7 38. Rxg5 Rxc3 39. Rxb5 Rxa3 40. Rb4 c3 41. Rc4 Ra2+ 42. Ke1 c2 43. Kd2 c1=Q+ 44. Kxc1 Rxg2 45. Rxa4 Rxh2 46. d5 Rh5 47. Rxf4 Rxd5 48. Kc2 Kg6 49. Kc3 Rf5 50. Rg4+ Kh5 51. Rg3 Kh4 52.
Rg4+ Kh5 53. Rd4 Rxf3+ 54. Kc4 Kg5 55. Rd5+ Rf5 56. Rxf5+ Kxf5 1/2-1/2

[Event "*** Titled Tuesday Blitz"]
[Site "Chess.com"]
[Date "2020.10.20"]
[Round "2"]
[White "chito89"]
[Black "PLAYER_2006_M"]
[Result "1/2-1/2"]
[WhiteElo "2809"]
[BlackElo "2525"]
[TimeControl "180+1"]
[EndTime "10:18:49 PDT"]
[Termination "Game drawn by repetition"]

1. c4 e5 2. Nc3 Nc6 3. Nf3 Nf6 4. e3 Bb4 5. Qc2 O-O 6. Nd5 Bc5 7. Ng5 g6 8. Nxf6+ Qxf6 9. Ne4 Qe7 10. a3 a5 11.
b3 Bb6 12. Bb2 d6 13. h4 f5 14. Nc3 Be6 15. Nd5 Bxd5 16. cxd5 Nd8 17. h5 Nf7 18. hxg6 hxg6 19. Bc4 Kg7 20. g4 Rh8 21. O-O-O fxg4 22. Rhg1 Rh4 23. Rg3 Kh7 24. Rdg1 Nh6 25. f3 Rf8 26.
fxg4 Rh2 27. Qe4 Rff2 28. Bc3 Qh4 29. Bd3 Qg5 30. Rf3 Rxf3 31. Qxf3 Kg7 32. Rf1 Qe7 33. Qg3 Qh4 34. Bxe5+ dxe5 35. Qxe5+ Kh7 36. Qe6 Qg5 37. Qd7+ Kg8 38. Qe8+ Kg7 39. Qf8+ Kh7 40. Rf6 Nf5 41. gxf5 Qg1+ 42. Kc2 Rxd2+ 43. Kxd2 Qxe3+ 44. Kc2 Qf2+ 45. Kd1 Qg1+ 46. Kd2 Qe3+ 47. Kc2 Qf2+ 48. Kd1 Qg1+ 49. Kc2 Qf2+ 1/2-1/2

[Event "*** Titled Tuesday Blitz"]
[Site "Chess.com"]
[Date "2020.10.20"]
[Round "2"]
[White "CakeinSpace2002"]
[Black "Maghalashvili"]
[Result "1/2-1/2"]
[WhiteElo "2291"]
[BlackElo "2663"]
[TimeControl "180+1"]
[EndTime "10:18:49 PDT"]
[Termination "Game drawn by repetition"]

1. e4 c5 2. Nf3 d6 3. c3 Nf6 4. h3 Nbd7 5. Bd3 e5 6. O-O Be7 7. Re1 O-O 8. Bc2 c4 9. b3 b5 10. a4 cxb3 11. Bxb3 Nc5 12. axb5 Ncxe4 13. Rxe4 Nxe4 14. Bd5 Bf5 15. Bxa8 Qxa8 16. b6 a6 17. Qe2 Nc5 18. d4 Nb3 19. Qb2 Nxa1 20. Qxa1 Be4 21. Nbd2 Bc6 22. c4 Qb7 23. dxe5 dxe5 24. Qxe5 Bf6 25.
Qa5 Rd8 26. Ba3 h6 27. Bc5 Rd3 28. Be3 Bc3 29. Qf5 Bxd2 30. Qxd3 Bxf3 31. gxf3 Bb4 32.
Qd8+ Kh7 33. Qd5 Qxd5 34. cxd5 Bd6 35. b7 Bb8 36. Bb6 Kg6 37. d6 Bxd6 38. Ba7 a5 39. b8=Q Bxb8 40. Bxb8 a4 41. Bd6 f6 42. Ba3 Kf5 43. Kg2 Kf4 44. h4 h5 45. Bf8 g5 46.
hxg5 fxg5 47. Ba3 Kf5 48. Kg3 h4+ 49. Kg2 Kf4 50. Bd6+ Kf5 51. Ba3 Kf4 52. Bd6+ Kf5 53. Ba3 1/2-1/2

[Event "*** Titled Tuesday Blitz"]
[Site "Chess.com"]
[Date "2020.10.20"]
[Round "2"]
[White "parnali1611"]
[Black "Cocaino74"]
[Result "0-1"]
[WhiteElo "2108"]
[BlackElo "2394"]
[TimeControl "180+1"]
[EndTime "10:18:50 PDT"]
[Termination "Cocaino74 won on time"]

1. d4 d5 2. c4 e6 3. Nf3 c6 4.
Qc2 dxc4 5. Qxc4 b5 6. Qc2 Bb7 7. Bf4 Nf6 8. Nbd2 Nbd7 9. e3 a6 10. Bd3 c5 11. O-O Be7 12. Rfe1 O-O 13. Ne5 Rc8 14. Qd1 Nd5 15. Nxd7 Qxd7 16. Bg3 Bf6 17.
Ne4 cxd4 18. Nxf6+ Nxf6 19. exd4 Qd5 20. Bf1 Rfd8 21. Be5 Nd7 22. Qg4 Nxe5 23. dxe5 Qd4 24. Qg5 h6 25. Qg3 Rc2 26. b3 Qb2 27. Rad1 Rcd2 28.
Rc1 Qxa2 29. Rc7 Bd5 30. Qf4 Rf8 31. h4 Qa5 32. Rec1 Rb2 33. Rxf7 Rxf7 34. Rc8+ Kh7 35. Qxf7 Qd2 36. Qg8+ Kg6 37. Qe8+ Kh7 38. Qg8+ Kg6 39. Qe8+ Kf5 40. Qf7+ Ke4 41. Qf3+ Kxe5 42. Qg3+ Qf4 0-1

[Event "*** Titled Tuesday Blitz"]
[Site "Chess.com"]
[Date "2020.10.20"]
[Round "2"]
[White "TorFredrikKaasen"]
[Black "AccioChess"]
[Result "1-0"]
[WhiteElo "2711"]
[BlackElo "2455"]
[TimeControl "180+1"]
[EndTime "10:18:51 PDT"]
[Termination "TorFredrikKaasen won on time"]

1. d4 Nf6 2. c4 g6 3. Nc3 d5 4. Nf3 Bg7 5. h4 c5 6. cxd5 Nxd5 7. h5 cxd4 8. Nxd4 Nxc3 9. bxc3 Nc6 10. Be3 Qa5 11.
Bd2 Bd7 12. e3 Rc8 13. Rb1 Qc7 14. Qb3 Na5 15. Qb4 a6 16. a4 Nc6 17. Qxb7 Qxb7 18. Rxb7 Na5 19. Rb6 O-O 20. Bxa6 Ra8 21. Bb5 Bxb5 22.
axb5 Nc4 23. Ra6 Rxa6 24. bxa6 Ra8 25. Bc1 Rxa6 26. hxg6 hxg6 27. O-O e5 28. Nb3 Rb6 29. Nd2 Nxd2 30. Bxd2 Rb2 31. Rd1 e4 32. Be1 Rc2 33. Kf1 Bxc3 34. Bxc3 Rxc3 35. Rd4 f5 36. Rd7 Rc2 37.
g3 Rc1+ 38. Kg2 Rc2 39. g4 Ra2 40. gxf5 gxf5 41. Rd5 Kf7 42. Rxf5+ Ke6 43. Rb5 Rc2 44. Kg3 Ra2 45. Rh5 Rc2 46. Rh4 Kf5 47. Rh8 1-0